 Dungeon Crawl Stone Soup version 0.27-a0-1502-g47ed6a6988 (console) character file.

Game seed: 16645682862070700371

129158 jejorda2 the Phalangite (level 17, -6/133 HPs)
             Began as a Merfolk Berserker on July 8, 2021.
             Was a High Priest of Trog.
             Mangled by a merfolk javelineer (10 damage)
             ... on level 4 of the Shoals.
             The game lasted 01:27:28 (34588 turns).

jejorda2 the Phalangite (Merfolk Berserker)        Turns: 34588, Time: 01:27:31

Health: -6/133     AC: 28    Str: 20    XL:     17   Next: 5%
Magic:  5/5        EV:  8    Int:  7    God:    Trog [*****.]
Gold:   2691       SH:  5    Dex: 13    Spells: 16/16 levels left

rFire    + + .     SeeInvis +   a - +3 bardiche (antimagic)
rCold    . . .     Faith    .   (shield currently unavailable)
rNeg     + . .     Spirit   .   v - +2 plate armour {rC+}
rPois    +         Reflect  +   I - +2 hat {SInv}
rElec    +         Harm     .   w - +1 cloak
rCorr    .         Rampage  .   X - +0 pair of gloves of the Moon {rElec rN+ Will++ Str-4}
Will     +++..                  l - +0 pair of boots
Stlth    ..........             s - amulet of Scepticism {Reflect rPois rF+ SH+5 Stlth-}
HPRegen  0.32/turn              k - +4 ring of protection
MPRegen  0.09/turn              O - ring "Cuapacedd" {Fire Slay+6}

@: studying Crossbows
A: (nimble swimmer 2), mertail
a: Renounce Religion, Berserk, Trog's Hand, Brothers in Arms


You were on level 4 of the Shoals.
You worshipped Trog.
Trog was extremely pleased with you.
You visited 4 branches of the dungeon, and saw 24 of its levels.
You also visited: Gauntlet, Ice Cave and Volcano.

You collected 2976 gold pieces.
You spent 285 gold pieces at shops.

Inventory:

Hand Weapons
 a - a +3 antimagic bardiche (weapon)
 b - the +1 halberd "Newtslayer" {flame, Fly rC+ Int+3 Dex-2}
   (You took it off a wight on level 8 of the Dungeon)

   It has been specially enchanted to burn those struck by it, causing extra
   injury to most foes and up to half again as much damage against particularly
   susceptible opponents.
   Big, fiery blades are also staple armaments of hydra-hunters.
   Int:       It affects your intelligence (+3).
   Dex:       It affects your dexterity (-2).
   rC:        It protects you from cold.
   Fly:       It grants you flight.
 U - a +2 glaive of flaming
Missiles
 c - 5 curare-tipped darts
 e - 61 poisoned darts
 g - 15 boomerangs of dispersal
 m - 23 javelins
 p - 122 boomerangs (quivered)
 B - 6 silver boomerangs
 L - a throwing net
 S - 2 atropa-tipped darts
Armour
 l - a +0 pair of boots (worn)
 v - a +2 plate armour of cold resistance (worn)
 w - a +1 cloak (worn)
 I - a +2 hat of see invisible (worn)
 X - the +0 pair of gloves of the Moon (worn) {rElec rN+ Will++ Str-4}
   (You found it on level 4 of the Lair of Beasts)

   Str:       It affects your strength (-4).
   rElec:     It insulates you from electricity.
   rN:        It protects you from negative energy.
   Will:      It greatly increases your willpower.
Jewellery
 k - a +4 ring of protection (left hand)
 s - the amulet of Scepticism (around neck) {Reflect rPois rF+ SH+5 Stlth-}
   (You found it on level 4 of the Dungeon)

   [amulet of reflection]

   It reflects blocked missile attacks.
   rF:        It protects you from fire.
   rPois:     It protects you from poison.
   SH:        It affects your SH (+5).
   Stlth:     It makes you less stealthy.
 E - a ring of resist corrosion
 H - a ring of flight
 J - a ring of protection from cold
 O - the ring "Cuapacedd" (right hand) {Fire Slay+6}
   (You found it in a Gauntlet)

   [ring of fire]

   It enhances your fire magic.
   Slay:      It affects your accuracy & damage with ranged weapons and melee
   (+6).
   rF:        It protects you from fire.
   rC:        It makes you vulnerable to cold.
Wands
 x - a wand of iceblast (36)
 C - a wand of digging (16)
 F - a wand of paralysis (25)
 G - a wand of charming (8)
 P - a wand of acid (20)
 Q - a wand of polymorph (27)
 R - a wand of flame (33)
Scrolls
 d - 13 scrolls of teleportation
 r - 2 scrolls of identify
 u - 3 scrolls of magic mapping
 y - a scroll of fear
 K - 4 scrolls of fog
 N - a scroll of summoning
 V - 2 scrolls of blinking
Potions
 f - 5 potions of heal wounds
 h - 2 potions of resistance
 i - 4 potions of attraction
 j - 6 potions of mutation
 n - 7 potions of curing
 o - 3 potions of haste
 q - a potion of berserk rage
 t - 4 potions of might
 z - 8 potions of flight
 A - 10 potions of ambrosia
 D - a potion of cancellation
 T - 2 potions of magic
 W - a potion of invisibility


   Skills:
 - Level 12.0 Fighting
 * Level 25.5 Polearms
 - Level 12.0 Throwing
 + Level 11.0 Armour
 - Level 6.0 Dodging
 - Level 6.0 Evocations


You had 16 spell levels left.
You didn't know any spells.
Your spell library was empty.

Dungeon Overview and Level Annotations

Branches:
Dungeon (12/15)            Temple (0/1) D:7            Lair (6/6) D:9
 Shoals (4/4) Lair:2        Snake (0/4) Lair:3        Slime (0/5) Lair:5
    Orc (2/2) D:9             Elf (0/3) Orc:2         IceCv (visited)
Volcano (visited)         Gauntlet (visited)

Altars:
Hepliaklqana
Kikubaaqudgha
Makhleb
Nemelex Xobeh
Okawaru
Ru
Trog
Vehumet
The Shining One
Beogh
Jiyva

Shops:
D:9 (   Orc:2 (:[*   Shoals:1 *

Annotations:
D:6 2 runed translucent doors
Lair:5 1 runed translucent door
Lair:6 3 runed translucent doors, Nausicaa's ghost, journeyman MiBe
Shoals:3 3 runed translucent doors


Innate Abilities, Weirdness & Mutations

((You are quick and stealthy near water. (Stealth+, EV+, Speed+++)))
Your lower body shifts to a powerful aquatic tail in water.


Message History

The merfolk javelineer closely misses you.
The merfolk javelineer hits you but does no damage.
The merfolk hits you from afar with a +0 trident.
* * * LOW HITPOINT WARNING * * *
Your two-headed ogre is engulfed in calcifying dust.
You feel much better.
The merfolk avatar is engulfed in calcifying dust.
Your two-headed ogre is engulfed in calcifying dust.
The death yak is engulfed in calcifying dust.
The death yak closely misses you.
The merfolk avatar is engulfed in calcifying dust.
The merfolk avatar falters for a moment.
The merfolk javelineer hits you from afar with a +0 spear.
* * * LOW HITPOINT WARNING * * *
The death yak barely misses you.
The merfolk javelineer barely misses you.
The merfolk hits you but does no damage.
Unknown command.
Unknown command.
Unknown command.
Unknown command.
Unknown command.
The merfolk avatar is engulfed in calcifying dust.
The merfolk javelineer hits you from afar with a +0 spear!
* * * LOW HITPOINT WARNING * * *
The death yak gores you!
* * * LOW HITPOINT WARNING * * *
The merfolk hits you from afar with a +0 trident.
* * * LOW HITPOINT WARNING * * *
The merfolk avatar is engulfed in calcifying dust.
Unknown command.
Unknown command.
You slice the merfolk avatar!!
You are no longer entranced.
You kill the merfolk avatar!
Trog accepts your kill.
Trog appreciates your killing of a magic user.
The death yak stops moving altogether!
The merfolk javelineer hits you from afar with a +0 spear!
You die...

.≈≈≈≈≈.<.....#
.............# #.
..........(..# ≈=.
..........†..# ..#.
..........O..##...≈
............Y..#...
...........mYm..#
##+##......YYm..###
##...≈m@†......
#.≈≈≈≈≈≈......
#≈≈≈≈≈≈≈≈.....
#≈≈≈≈≈≈...#...
#≈≈≈≈≈≈...#...
#≈≈≈≈≈≈≈≈... .
≈≈≈≈≈≈≈≈≈≈≈..
≈≈≈≈≈≈≈≈≈≈≈≈..


You could see a merfolk avatar (petrified), 2 merfolk javelineers, 4 death yaks,
a merfolk and a friendly two-headed ogre (summoned, berserk, petrified).

Vanquished Creatures
  Polyphemus (Shoals:4)
  A kraken (Shoals:2)
  Kirke (Shoals:3)
  2 orc warlords
  A minotaur (Gauntlet)
  2 merfolk javelineers (Shoals:3)
  An ettin (Orc:1)
  2 fire dragons
  5 merfolk impalers
  3 boulder beetles
  16 hydras
  Erolcha (Orc:2)
  An ice dragon (IceCv)
  A death yak (Lair:4)
  2 two-headed ogres
  2 catoblepae
  A hell hog (Volcano)
  A merfolk avatar (Shoals:4)
  A tengu warrior (Gauntlet)
  A satyr (Shoals:3)
  2 orc high priests (Orc:2)
  A fire crab (Lair:6)
  6 sea snakes
  12 orc knights
  6 harpies
  2 lindwurms (Lair:6)
  3 oklob plants
  A wolf spider (Lair:6)
  2 slime creatures (Gauntlet)
  A deep elf pyromancer (D:12)
  6 orc sorcerers
  2 cyclopes
  4 manticores
  2 ugly things (D:12)
  9 fauns
  6 elephants
  A guardian serpent (Lair:6)
  2 ice statues (IceCv)
  12 black mambas
  5 torpor snails (Lair:6)
  3 merfolk sirens
  A water nymph (Shoals:2)
  20 cane toads
  13 komodo dragons
  2 kobold demonologists
  8 rime drakes
  A tengu conjurer (Gauntlet)
  A queen bee (D:11)
  17 merfolk
  14 hornets
  7 trolls
  4 polar bears
  Prince Ribbit (D:7)
  18 blink frogs
  A wind drake (Shoals:1)
  4 dream sheep
  3 tyrant leeches (Lair:6)
  5 snapping turtles
  3 redbacks (Lair:6)
  3 water elementals
  A shadow (D:11)
  3 wraiths
  13 wyverns
  4 hogs (Shoals:3)
  8 fire bats
  4 basilisks
  40 yaks
  2 vampire mosquitoes
  A neqoxec (Gauntlet)
  A chaos spawn (Gauntlet)
  4 steam dragons
  Menkaure (D:5)
  9 wargs
  A naga (Lair:3)
  A hell hound (Volcano)
  26 water moccasins
  43 orc warriors
  2 black bears
  6 sky beasts
  2 ice beasts (D:6)
  A necrophage (D:5)
  12 wolves (Lair:1)
  3 ogres
  11 centaurs
  A phantom (D:5)
  A kobold brigand (D:6)
  22 bullfrogs
  2 two-headed ogre simulacra (D:12)
  A gnoll sergeant (D:11)
  2 scorpions (D:6)
  A water moccasin zombie (D:5)
  2 elephant simulacra (D:12)
  19 killer bees
  3 lindwurm simulacra (IceCv)
  5 howler monkeys
  5 wights (D:8)
  5 komodo dragon simulacra (IceCv)
  A bullfrog zombie (D:5)
  4 centaur zombies
  29 orc priests
  Crazy Yiuf (D:5)
  9 jellies
  2 bullfrog skeletons
  2 centaur skeletons
  6 iguanas
  A hell rat (Lair:4)
  28 orc wizards
  Natasha (thrice) (D:2)
  2 spriggan simulacra (D:12)
  2 killer bee zombies (D:6)
  A hound skeleton (D:4)
  A howler monkey zombie (D:6)
  Robin (D:2)
  7 adders
  9 gnolls
  2 naga simulacra (D:12)
  5 acid dragon simulacra (IceCv)
  A white imp (D:7)
  An ufetubus (D:6)
  8 steam dragon simulacra (IceCv)
  2 worms (D:3)
  A dart slug (D:3)
  90 orcs
  5 ball pythons
  26 endoplasms
  5 giant cockroaches
  17 goblins
  15 hobgoblins
  4 jackals (D:1)
  6 quokkas
  5 bats
  3 frilled lizards
  8 kobolds
  4 rats
  2 rat zombies (D:10)
  4 tentacles (Shoals:2)
851 creatures vanquished.

Vanquished Creatures (collateral kills)
  Ilsuiw (Shoals:2)
  A merfolk impaler (Shoals:2)
  A catoblepas (Shoals:4)
  2 orc high priests (Orc:2)
  An orc knight (Orc:2)
  2 merfolk sirens (Shoals:2)
  A black mamba (Lair:4)
  A torpor snail (Gauntlet)
  An elephant (Gauntlet)
  A kobold demonologist (D:6)
  A tengu conjurer (Gauntlet)
  4 orc warriors (Orc:2)
  4 orc priests (Orc:2)
  6 orc wizards (Orc:2)
  An adder (D:6)
  14 orcs (Orc:2)
42 creatures vanquished.

Vanquished Creatures (others)
  2 humans (Shoals:3)
  An orc (Orc:2)
  60 fungi
  156 plants
  A tentacle (Shoals:2)
220 creatures vanquished.

Grand Total: 1113 creatures vanquished

Notes
Turn   | Place    | Note
-------+----------+-------------------------------------------
     0 | D:1      | jejorda2 the Merfolk Berserker began the quest for the Orb.
     0 | D:1      | Reached XP level 1. HP: 18/18 MP: 1/1
    41 | D:1      | Reached XP level 2. HP: 24/24 MP: 2/2
   250 | D:1      | Reached skill level 5 in Polearms
   706 | D:1      | Reached XP level 3. HP: 28/29 MP: 3/3
   898 | D:1      | Found a faded altar of an unknown god.
  1225 | D:2      | Reached ** piety under Trog
  1322 | D:2      | Reached XP level 4. HP: 27/37 MP: 4/4
  1754 | D:2      | Noticed Natasha
  1777 | D:2      | Killed Natasha
  1778 | D:2      | Reached skill level 6 in Polearms
  1911 | D:2      | Noticed Robin
  1921 | D:2      | Killed Robin
  1927 | D:2      | Reached XP level 5. HP: 37/42 MP: 5/5
  2058 | D:2      | Noticed Natasha
  2073 | D:2      | Killed Natasha
  2240 | D:2      | Noticed Natasha
  2248 | D:2      | Killed Natasha
  2354 | D:2      | Reached skill level 7 in Polearms
  2955 | D:3      | Found a sparkling altar of Nemelex Xobeh.
  3105 | D:3      | Reached *** piety under Trog
  3379 | D:3      | Found an iron altar of Okawaru.
  3604 | D:3      | Reached XP level 6. HP: 49/49 MP: 6/6
  3720 | D:4      | Identified the amulet of Scepticism {Reflect rPois rF+ SH+5
                  | Stlth-}
  3938 | D:4      | Reached skill level 8 in Polearms
  4177 | D:4      | Found a radiant altar of Vehumet.
  4218 | D:5      | Entered Level 5 of the Dungeon
  4244 | D:5      | Reached skill level 5 in Fighting
  4244 | D:5      | Reached XP level 7. HP: 23/56 MP: 7/7
  4484 | D:5      | Reached skill level 9 in Polearms
  4693 | D:5      | Reached XP level 8. HP: 64/64 MP: 8/8
  4935 | D:5      | Reached skill level 10 in Polearms
  5043 | D:5      | Found a glowing golden altar of the Shining One.
  5446 | D:5      | Noticed Menkaure
  5457 | D:5      | Killed Menkaure
  5457 | D:5      | Reached **** piety under Trog
  5458 | D:5      | Reached skill level 11 in Polearms
  5498 | D:5      | Found a runed translucent door.
  5499 | D:5      | Noticed Crazy Yiuf
  5510 | D:5      | Killed Crazy Yiuf
  5857 | D:6      | Found a large runed translucent door.
  5857 | D:6      | Found a large runed translucent door.
  5859 | D:6      | Found a large runed translucent door.
  5859 | D:6      | Found a large runed translucent door.
  5859 | D:6      | Noticed a kobold demonologist
  5893 | D:6      | Reached skill level 12 in Polearms
  5907 | D:6      | Reached XP level 9. HP: 69/69 MP: 9/9
  6051 | D:6      | Reached skill level 13 in Polearms
  6051 | D:6      | Reached skill level 5 in Armour
  6327 | D:6      | Found a sacrificial altar of Ru.
  6669 | D:6      | Noticed a cyclops
  6678 | D:6      | Killed a cyclops
  6679 | D:6      | Reached skill level 14 in Polearms
  6834 | D:6      | Noticed a soul eater
  6834 | D:6      | Killed a kobold demonologist
  6835 | D:6      | Reached XP level 10. HP: 73/76 MP: 10/10
  7099 | D:7      | Noticed Prince Ribbit
  7150 | D:7      | Killed Prince Ribbit
  7292 | D:7      | Found a staircase to the Ecumenical Temple.
  7323 | D:7      | Reached skill level 15 in Polearms
  7323 | D:7      | Reached skill level 5 in Dodging
  7921 | D:8      | Identified the +1 halberd "Newtslayer" {flame, Fly rC+
                  | Int+3 Dex-2}
  7933 | D:8      | Identified the +0 long sword of Kismet {drain, rElec Int-4
                  | Dex+3 Stlth+}
  8294 | D:8      | Found a hazy altar of Hepliaklqana.
  8464 | D:9      | Found Benkyi Fapn's Antique Weapon Boutique.
  8484 | D:8      | Reached skill level 16 in Polearms
  8564 | D:9      | Bought a glowing glaive for 285 gold pieces
  8606 | D:9      | Found a staircase to the Lair.
  8909 | D:9      | Reached ***** piety under Trog
  8922 | D:9      | Reached skill level 17 in Polearms
  9161 | D:9      | Found a staircase to the Orcish Mines.
  9547 | D:9      | Reached XP level 11. HP: 62/81 MP: 11/11
  9919 | D:10     | Entered Level 10 of the Dungeon
  9981 | D:10     | Reached skill level 18 in Polearms
 10004 | D:10     | Found a flagged portal.
 10255 | D:10     | Found an ancient bone altar of Kikubaaqudgha.
 10723 | D:10     | Noticed a boulder beetle
 10740 | D:10     | Killed a boulder beetle
 10939 | D:11     | Reached skill level 19 in Polearms
 10941 | D:11     | Found a gate leading to a gauntlet.
 10950 | Gauntlet | Entered a Gauntlet
 10950 | Gauntlet | Found a transporter.
 10950 | Gauntlet | Found a transporter.
 10950 | Gauntlet | Found a transporter.
 10950 | Gauntlet | Found a transporter.
 10954 | Gauntlet | Found a transporter.
 10962 | Gauntlet | Noticed a death drake
 10964 | Gauntlet | Found a transporter.
 10969 | Gauntlet | Noticed a tengu warrior
 11031 | Gauntlet | Found a transporter.
 11033 | Gauntlet | Found a large runed translucent door.
 11034 | Gauntlet | Found a large runed translucent door.
 11035 | Gauntlet | Found a large runed translucent door.
 11035 | Gauntlet | Found a large runed translucent door.
 11035 | Gauntlet | Found a runed translucent door.
 11035 | Gauntlet | Found a runed translucent door.
 11036 | Gauntlet | Found a large runed translucent door.
 11037 | Gauntlet | Found a large runed translucent door.
 11038 | Gauntlet | Found a large runed translucent door.
 11038 | Gauntlet | Found a large runed translucent door.
 11039 | Gauntlet | Found a runed translucent gate.
 11039 | Gauntlet | Found a runed translucent gate.
 11039 | Gauntlet | Found a runed translucent gate.
 11041 | Gauntlet | Found a transporter.
 11050 | Gauntlet | Found a large runed translucent door.
 11050 | Gauntlet | Found a large runed translucent door.
 11051 | Gauntlet | Found a large runed translucent door.
 11052 | Gauntlet | Found a large runed translucent door.
 11056 | Gauntlet | Found a transporter.
 11071 | Gauntlet | Found a transporter.
 11081 | Gauntlet | Found a transporter.
 11087 | Gauntlet | Found a transporter.
 11119 | Gauntlet | Found a large runed translucent door.
 11120 | Gauntlet | Found a large runed translucent door.
 11121 | Gauntlet | Found a large runed translucent door.
 11121 | Gauntlet | Found a large runed translucent door.
 11175 | Gauntlet | Reached skill level 1 in Throwing
 11340 | Gauntlet | Identified the +8 great sword "Aschugaq" {vorpal, *Corrode
                  | Will++ Str+4 Dex+3}
 11466 | Gauntlet | Killed a tengu warrior
 11467 | Gauntlet | Reached skill level 20 in Polearms
 11481 | Gauntlet | Identified the ring "Cuapacedd" {Fire Slay+6}
 11525 | Gauntlet | Noticed a minotaur
 11542 | Gauntlet | Killed a minotaur
 11543 | Gauntlet | Reached skill level 5 in Throwing
 11543 | Gauntlet | Reached XP level 12. HP: 31/88 MP: 12/12
 12061 | D:11     | Reached skill level 1 in Evocations
 12085 | D:11     | Noticed a two-headed ogre
 12089 | D:11     | Killed a two-headed ogre
 13194 | D:12     | Found a frozen archway.
 13203 | D:12     | Reached skill level 5 in Evocations
 13251 | IceCv    | Entered an ice cave
 13902 | IceCv    | Noticed an ice dragon
 13918 | IceCv    | Killed an ice dragon
 14824 | D:12     | Found a burning altar of Makhleb.
 14824 | D:12     | Noticed a balrug
 15866 | Lair:1   | Entered Level 1 of the Lair of Beasts
 16139 | Lair:1   | Noticed a seven-headed hydra
 16161 | Lair:1   | Killed a four-headed hydra
 16162 | Lair:1   | Reached XP level 13. HP: 89/96 MP: 13/13
 16288 | Lair:1   | Identified the +12 broad axe "Sogh" {vorpal, rC++ Dex+3}
 16758 | Lair:1   | Received a gift from Trog
 17600 | Lair:2   | Found a staircase to the Shoals.
 17620 | Lair:2   | Reached skill level 10 in Throwing
 18911 | Lair:3   | Reached XP level 14. HP: 104/108 MP: 14/14
 19322 | Lair:3   | Found a staircase to the Snake Pit.
 20282 | Lair:4   | Reached skill level 10 in Fighting
 20343 | Lair:4   | Identified the +0 pair of gloves of the Moon {rElec rN+
                  | Will++ Str-4}
 20749 | Lair:4   | Identified the quicksilver dragon scales "Ydazul" {*Corrode
                  | Will+ Int+4}
 20844 | Lair:5   | Found a dark tunnel.
 20862 | Volcano  | Entered a volcano
 20915 | Volcano  | Identified the +3 lajatang "Gueprixi" {vorpal, rC+} (Trog
                  | gifted it to you in a volcano)
 20915 | Volcano  | Received a gift from Trog
 20974 | Volcano  | Reached skill level 21 in Polearms
 21889 | Lair:5   | Found a runed translucent door.
 21890 | Lair:5   | Found a viscous altar of Jiyva.
 21890 | Lair:5   | Noticed an acid blob
 21890 | Lair:5   | Noticed an acid blob
 21892 | Lair:5   | Noticed an acid blob
 21893 | Lair:5   | Found a staircase to the Slime Pits.
 22013 | Lair:5   | Identified a scroll of acquirement
 22014 | Lair:5   | Acquired a scarf of resistance
 22272 | Lair:6   | Entered Level 6 of the Lair of Beasts
 22517 | Lair:6   | Found a runed translucent door.
 22520 | Lair:6   | Reached XP level 15. HP: 117/117 MP: 15/15
 22869 | Lair:6   | Paralysed by a hornet for 2 turns
 23150 | Lair:6   | Received a gift from Trog
 23541 | Lair:6   | Reached skill level 22 in Polearms
 24029 | Lair:6   | Found a runed translucent gate.
 24030 | Lair:6   | Found a runed translucent gate.
 24041 | Lair:6   | Found a runed translucent gate.
 24041 | Lair:6   | Noticed Nausicaa's ghost (journeyman MiBe)
 24790 | Lair:6   | Found a bloodstained altar of Trog.
 25571 | Orc:1    | Entered Level 1 of the Orcish Mines
 25695 | Orc:1    | Noticed an orc warlord
 25821 | D:9      | Received a gift from Trog
 26105 | Orc:1    | Killed an orc warlord
 26807 | Orc:2    | Entered Level 2 of the Orcish Mines
 27326 | Orc:2    | Reached skill level 23 in Polearms
 27396 | Orc:2    | Noticed Erolcha
 27401 | Orc:2    | Killed Erolcha
 27547 | Orc:2    | Found a staircase to the Elven Halls.
 27745 | Orc:2    | Received a gift from Trog
 27769 | Orc:2    | Noticed an orc warlord
 28187 | Orc:2    | Killed an orc warlord
 28188 | Orc:2    | Reached XP level 16. HP: 127/127 MP: 16/16
 28641 | Orc:2    | Reached skill level 10 in Armour
 28759 | Orc:2    | Found Qibrosm's General Store.
 28760 | Orc:2    | Found Sussos's Book Emporium.
 28762 | Orc:2    | Found Perruv's Antique Armour Emporium.
 28762 | Orc:2    | Found Zyobith's Antique Weapon Shoppe.
 29153 | Orc:1    | Received a gift from Trog
 29513 | Shoals:1 | Entered Level 1 of the Shoals
 29612 | Shoals:1 | Reached skill level 24 in Polearms
 29824 | Shoals:1 | Found Erent's Mass Market.
 30802 | Shoals:2 | Noticed Ilsuiw
 30815 | Shoals:2 | Killed Ilsuiw
 31016 | Shoals:2 | Noticed a kraken
 31028 | Shoals:2 | Killed a kraken
 32742 | Shoals:3 | Found a runed translucent gate.
 32742 | Shoals:3 | Found a runed translucent gate.
 32745 | Shoals:3 | Found a runed translucent gate.
 33143 | Shoals:3 | Reached skill level 25 in Polearms
 33147 | Shoals:3 | Received a gift from Trog
 33321 | Shoals:3 | Noticed Kirke
 33343 | Shoals:3 | Killed Kirke
 34071 | Shoals:3 | Reached XP level 17. HP: 62/133 MP: 17/17
 34555 | Shoals:4 | Entered Level 4 of the Shoals
 34566 | Shoals:4 | Noticed Polyphemus
 34579 | Shoals:4 | Killed Polyphemus
 34587 | Shoals:4 | HP: 5/133 [death yak[Polyphemus] (9)]
 34588 | Shoals:4 | Mangled by a merfolk javelineer

Illustrated notes

Levels and vault maps discovered:
D:1:      amcnicky_arrival_choice, layout_basic,
          shapermc_ecumenical_altar_notcrosses
D:2:      layout_basic, uniq_natasha, uniq_robin
D:3:      layout_loops_ring, mainiacjoe_overflow_24_doors,
          mainiacjoe_overflow_alcove_2, minmay_strange_pillars
D:4:      layout_rooms, mainiacjoe_overflow_surrounded_room,
          kennysheep_generic_room_13
D:5:      layout_loops_cross, mainiacjoe_overflow_catwalk, uniq_menkaure,
          uniq_crazy_yiuf_cottage
D:6:      layout_loops_ring, kennysheep_mini, minmay_hollow_rounded_squares
D:7:      layout_cave_pools, minmay_temple_entry_stoned_glass,
          eino_small_chamber_without_monster, serial_bayou_pond_e,
          uniq_prince_ribbit1
D:8:      layout_loops_ring, kennysheep_mini_moat, minmay_hedge_maze
D:9:      layout_cave_pods, lair_entry_dummy, erik_orc_4, serial_shops,
          nicolae_diamond_shop, nicolae_straight_to_the_point
D:10:     layout_basic, lemuel_zombie_altar_kikubaaqudgha, enter_bailey_5
D:11:     minmay_inner_zag, layout_long_grid, gauntlet_entry_generic,
          special_room [special_room_bee]
D:12:     layout_stronghold, portal_ice_cave_entry_ice_simulacra,
          chequers_serial_rivers_micro_c, makhleb_altar_promises_db
Lair:1:   layout_gridlike
Lair:2:   layout_loops_ring, shoals_dummy_entry, beast_lair_carwin_9,
          grunt_megastairs_5
Lair:3:   layout_hall_layers, guppyfry_snake_entry_garden
Lair:4:   nzn_winding_woodlands_large [nzn_winding_woodlands_5x5_default,
          nzn_winding_woodlands_5x15_zeroes, nzn_winding_woodlands_5x5_default,
          nzn_winding_woodlands_center_garden,
          nzn_winding_woodlands_15x15_five_gardens,
          nzn_winding_woodlands_center_pierced_h,
          nzn_winding_woodlands_5x5_perimeter,
          nzn_winding_woodlands_5x15_crooked,
          nzn_winding_woodlands_5x5_checkerboard], layout_cave_shapes,
          minmay_lair_oklob_chamber
Lair:5:   lemuel_slime, layout_cave_pods, slime_altar_2,
          nicolae_volcano_entry_two_sided, fungi_pond_lemuel
Lair:6:   wormcave, layout_small_grid, hangedman_lair_tendril_chambers,
          gammafunk_ghost_split, basic_altar, serial_bayou_shore_b
Shoals:1: layout_shoals, minmay_shop_mass
Shoals:2: layout_shoals, uniq_ilsuiw
Shoals:3: layout_shoals, nicolae_shoals_beach_cooler, uniq_kirke
Shoals:4: shoals_end_simple, layout_shoals, shoals_ilsuiw_ice,
          nicolae_shoals_stone_sculpture_thing, uniq_polyphemus
Orc:1:    layout_caves, special_room [special_room_orc], basic_altar
Orc:2:    st_orc_congregation, layout_diamond_mine, uniq_erolcha

Skill      XL: |  1  2  3  4  5  6  7  8  9 10 11 12 13 14 15 16 |
---------------+-------------------------------------------------+-----
Polearms       | 5 6 7 8 9 12 14 17 20 21 23 25 | 25.5
Armour         | 2 3 4 5 6 7 8 9 11 | 11.0
Fighting       | 4 5 6 7 9 10 12 | 12.0
Dodging        | 4 6 |  6.0
Throwing       | 5 8 10 12 | 12.0
Evocations     | 6 |  6.0

Action                   |  1- 3 |  4- 6 |  7- 9 | 10-12 | 13-15 | 16-18 || total
-------------------------+-------+-------+-------+-------+-------+-------++-------
Melee: Spear             |   113 |   307 |   213 |       |       |       ||   633
       Halberd           |       |       |   123 |   424 |       |       ||   547
       Glaive            |       |       |       |   246 |  1060 |   442 ||  1748
       Tailslap          |       |       |       |       |     1 |     8 ||     9
       Bardiche          |       |       |       |       |     6 |    39 ||    45
Throw: Dart              |       |     6 |     8 |     5 |    28 |     6 ||    53
       Boomerang         |       |       |       |    16 |       |     7 ||    23
       Javelin           |       |       |       |       |     1 |       ||     1
Invok: Berserk           |     2 |     2 |     9 |    12 |     8 |     6 ||    39
       Trog's Hand       |       |     1 |       |     4 |     4 |     2 ||    11
       Brothers in Arms  |       |       |     1 |     4 |     3 |     2 ||    10
Evoke: Wand              |       |       |       |     1 |     2 |       ||     3
  Use: Scroll            |       |       |    15 |     9 |     9 |       ||    33
       Potion            |       |       |       |     1 |     2 |     3 ||     6
 Stab: Distracted        |       |       |       |       |     1 |       ||     1
       Petrifying        |       |       |       |       |       |     2 ||     2
       Petrified         |       |       |       |       |       |     2 ||     2
Armor: Animal skin       |     6 |       |       |       |       |       ||     6
       Ring mail         |    11 |    61 |     4 |       |       |       ||    76
       Scale mail        |       |       |    12 |       |       |       ||    12
       Chain mail        |       |       |   106 |   269 |   401 |     6 ||   782
       Plate armour      |       |       |       |       |       |   226 ||   226
Dodge: Dodged            |    44 |    94 |    78 |   192 |   305 |   126 ||   839
Block: Other             |       |    10 |    48 |   114 |   157 |    64 ||   393
       Reflection        |       |       |     1 |     6 |     2 |     9 ||    18

Table legend: (Time is in decaauts)
 A = Elapsed time spent in this place.
 B = Non-inter-level travel time spent in this place.
 C = Inter-level travel time spent in this place.
 D = Time resting spent in this place.
 E = Time spent auto-exploring this place.
 F = Levels seen in this place.
 G = Mean time per level.
                   A        B        C        D        E       F      G
               +--------+--------+--------+--------+--------+-----+--------+
         Total |  33591 |  31992 |   1599 |   4285 |  22448 |  27 | 1244.1 |
       Dungeon |  14902 |  13990 |    912 |   1058 |  10751 |  12 | 1241.8 |
          Lair |   9219 |   8803 |    416 |    641 |   6881 |   6 | 1536.5 |
        Shoals |   4539 |   4391 |    148 |   1189 |   2639 |   4 | 1134.8 |
  Orcish Mines |   2924 |   2802 |    122 |    648 |   1475 |   2 | 1462.0 |
      Ice Cave |    933 |    933 |      0 |    412 |    336 |   1 |  933.0 |
       Volcano |    270 |    270 |      0 |      0 |    108 |   1 |  270.0 |
      Gauntlet |    801 |    801 |      0 |    334 |    257 |   1 |  801.0 |
               +--------+--------+--------+--------+--------+-----+--------+

Top non-repeatable levels by time:
  Lair:6: 3134 daAuts
     D:9: 2342 daAuts
Shoals:2: 2083 daAuts
   Orc:1: 1625 daAuts
     D:2: 1606 daAuts
    D:12: 1558 daAuts
    D:11: 1551 daAuts
     D:5: 1340 daAuts
  Lair:3: 1332 daAuts
Shoals:3: 1307 daAuts
   Orc:2: 1298 daAuts
     D:6: 1279 daAuts
  Lair:2: 1263 daAuts
  Lair:1: 1258 daAuts
  Lair:5: 1149 daAuts
